Cogmind - Beta 15 @@@ ROGUE MODE // 2025.07.13 @ 14:47:11 Player: Err. String Expected Got Nil Result: Destroyed by G-67 Veteran with Field Laser Performance ------------- Evolutions (7) 3500 Regions Visited (19) 3800 Robots Destroyed (281) 1405 Value Destroyed (8195) 8195 Prototype IDs (60) 1200 Alien Tech Used (0) 0 Bonus (8771) 8771 TOTAL SCORE: 26871 Bonus ------- High Alert Combat Kills 196 Follower Combat Kills 1609 Network Hubs Disabled 200 Met Warlord at Base 500 MAIN.C Attacked Warlord 500 Warlord Defense Kills 2444 Built Enhanced Grunts 300 A7 Reached Mainframe 300 Met R17 at Cetus 500 Met R17 at Research 2000 Scanned by Researcher 500 Friendly Fire -278 Cogmind --------- Core Integrity 0/1300 Matter 138/300 Energy 99/100 System Corruption 17% Temperature Cool (12) Movement Core (50) Location -3/Testing Parts ------- > --- POWER (2) -------- (None) > --- PROPULSION (5) --- (None) > --- UTILITY (12) ----- Improved Signal Interpreter Experimental Terrain Scan Processor > --- WEAPON (2) ------- (None) > --- INVENTORY (5) ---- Improved Antigrav System Improved Antigrav System Improved Antigrav System Improved Phase Shifter Thermal Shield Peak State ------------ > --- POWER ------------ Light Particle Reactor Micro Antimatter Reactor > --- PROPULSION ------- Cooled Aerolev Unit Combat Antigrav System Combat Linear Gravjet Combat Linear Gravjet Combat Linear Gravjet > --- UTILITY ---------- Medium Storage Unit Advanced Sensor Array Improved Signal Interpreter Advanced Signal Interpreter Experimental Terrain Scan Processor 0b10 Decoder Chip [Looter] Advanced Targeting Computer Experimental Hardlight Generator Improved Hacking Suite Improved Hacking Suite System Shield Improved System Shield > --- WEAPON ----------- Compact HERF Cannon Heavy Hammer > --- INVENTORY -------- Improved Antigrav System Improved Antigrav System Improved Antigrav System Improved Gyrokinetic Inverter Advanced Sensor Array Thermal Shield EM Shield Matter Neutralizer Hypervelocity Mass Driver Hypervelocity Mass Driver [Rating: 131] Favorites ----------- Power Micro Nuclear Core Engine Improved Deuterium Engine Power Core Micro Nuclear Core Reactor Micro Antimatter Reactor Propulsion Cooled Aerolev Unit Treads Light Treads Hover Unit Cooled Aerolev Unit Utility Hacking Suite Device Advanced Sensor Array Storage Medium Storage Unit Processor Improved Signal Interpreter Hackware Hacking Suite Protection Layered Light Armor Plating Weapon Great Axe Energy Gun Small Laser Energy Cannon Phase Cannon Ballistic Gun Assault Rifle Ballistic Cannon Assault Cannon Launcher Long-range Missile Launcher Impact Weapon Heavy Hammer Slashing Weapon Great Axe Build | -11 -10 -9 -8 -7 -7 -7 -6 -5 -5 -5 -5 -5 -4 -4 -4 -4 -3 -3 -3 ------- Run | Yrd Mat Mat Mat Fac Was Fac Fac Fac Ext Cet Arc Hub Fac Upp Upp War Pro Res Tes Slots Evolved 14 | . . 2 2 2 . . 2 2 . . . . 2 . . . . 2 . Power 1 | . . . . . . . . . . . . . . . . . . 1 . Propulsion 3 | . . . 1 1 . . . . . . . . 1 . . . . . . Utility 10 | . . 2 1 1 . . 2 2 . . . . 1 . . . . 1 . Weapon . | . . . . . . . . . . . . . . . . . . . . Parts Attached 185 | 7 10 20 27 6 1 23 19 15 3 . 4 4 12 . 1 8 . 7 18 Power 22 | 2 1 4 3 . . 3 . 1 . . . 1 1 . . 2 . 2 2 Engine 12 | 2 1 4 2 . . 2 . . . . . . . . . . . 1 . Core 4 | . . . 1 . . 1 . 1 . . . 1 . . . . . . . Reactor 6 | . . . . . . . . . . . . . 1 . . 2 . 1 2 Propulsion 58 | 2 . 5 9 4 . 12 8 2 . . . 1 4 . . 3 . . 8 Treads 16 | 2 . 5 9 . . . . . . . . . . . . . . . . Leg . | . . . . . . . . . . . . . . . . . . . . Wheel . | . . . . . . . . . . . . . . . . . . . . Hover 42 | . . . . 4 . 12 8 2 . . . 1 4 . . 3 . . 8 Flight . | . . . . . . . . . . . . . . . . . . . . Utility 58 | 1 2 4 7 2 . 2 8 9 2 . 3 2 7 . 1 1 . 3 4 Device 20 | . . 1 1 1 . 1 3 3 1 . . 1 5 . . . . 1 2 Storage 7 | 1 1 1 . 1 . . 1 1 . . . . 1 . . . . . . Processor 20 | . 1 2 4 . . . 2 4 1 . . . 1 . 1 1 . 1 2 Hackware 10 | . . . 1 . . 1 2 1 . . 3 1 . . . . . 1 . Protection 1 | . . . 1 . . . . . . . . . . . . . . . . Artifact . | . . . . . . . . . . . . . . . . . . . . Weapon 47 | 2 7 7 8 . 1 6 3 3 1 . 1 . . . . 2 . 2 4 Energy Gun 7 | 1 1 2 3 . . . . . . . . . . . . . . . . Energy Cannon 8 | . . . . . . 1 3 1 . . . . . . . . . 1 2 Ballistic Gun 10 | 1 5 . 3 . . 1 . . . . . . . . . . . . . Ballistic Cannon 11 | . . 4 1 . 1 1 . 1 . . . . . . . . . 1 2 Launcher 4 | . 1 . 1 . . 1 . . 1 . . . . . . . . . . Special Weapon . | . . . . . . . . . . . . . . . . . . . . Impact Weapon 3 | . . 1 . . . 1 . . . . . . . . . 1 . . . Slashing Weapon 4 | . . . . . . 1 . 1 . . 1 . . . . 1 . . . Piercing Weapon . | . . . . . . . . . . . . . . . . . . . . Special Melee Weapon . | . . . . . . . . . . . . . . . . . . . . Unidentified Prototypes 11 | . . 2 1 . . 2 2 1 . . . . . . . . . . 3 Corrupted Parts 2 | . . . . . . . . . . . . . . . . 2 . . . System Corruption 21 | . . . . . . . . . . . . . . . . 21 . . . Parts Lost 64 | . 2 4 5 . . 2 5 2 2 . . 3 4 1 . 3 3 1 27 Power 13 | . 2 2 1 . . . . . . . . 1 1 . . 1 1 . 4 Propulsion 18 | . . 2 2 . . 2 2 . . . . 1 1 . . . . . 8 Utility 24 | . . . 2 . . . 3 2 1 . . . 1 1 . . 2 1 11 Weapon 9 | . . . . . . . . . 1 . . 1 1 . . 2 . . 4 Highest Loss Streak 14 | . 1 3 2 . . 1 2 1 2 . . 3 4 1 . 1 2 1 14 To Critical Strikes 1 | . . 1 . . . . . . . . . . . . . . . . . Average Backups 11 | 1 8 16 19 15 9 9 9 9 9 10 10 8 8 8 8 8 6 9 9 Power . | . 1 . 1 1 1 1 1 1 1 1 1 . . . . . . . . Propulsion 2 | . 2 6 6 3 2 . . 1 2 2 2 1 2 2 2 2 2 2 4 Utility 3 | . 2 3 4 3 2 4 3 3 3 4 4 3 2 4 4 4 3 3 2 Weapon 3 | . 2 4 6 5 4 3 3 3 3 3 3 3 2 2 2 2 1 3 2 Tool/Special . | . . . . . . . . . . . . . . . . . . . . Unused Backups 45 | . 1 6 13 2 1 2 1 6 1 . 1 . 3 . . 1 . 2 5 Power 6 | . . 1 2 . . . . 1 . . . . 1 . . 1 . . . Propulsion 20 | . . 3 7 . . 1 1 2 . . . . 1 . . . . 2 3 Utility 10 | . 1 . 3 2 . 1 . 1 . . 1 . . . . . . . 1 Weapon 8 | . . 2 1 . . . . 2 1 . . . 1 . . . . . 1 Tool/Special 1 | . . . . . 1 . . . . . . . . . . . . . . Average Slot Usage (%) 97 | . 96 96 97 95 99 100 98 98 97 94 98 98 96 93 91 96 97 84 94 Engine 3 | . 13 8 7 7 7 3 . . . . . . . . . . . 1 . Core 2 | . . . 1 . . 3 5 5 5 5 5 5 1 5 5 2 . . . Reactor 1 | . . . . . . . . . . . . . 3 . . 2 4 2 6 Treads 7 | . 28 21 26 12 . . . . . . . . . . . . . . . Hover 18 | . . . . 13 30 30 25 22 23 23 23 23 25 26 26 25 26 22 21 Device 7 | . . 11 4 7 7 6 5 11 8 5 5 5 11 14 10 10 7 4 7 Storage 6 | . 14 11 9 7 7 7 6 5 5 5 5 5 5 5 5 5 5 4 3 Processor 19 | . 11 21 20 23 23 15 18 18 24 29 29 23 19 15 18 21 21 19 23 Hackware 13 | . . . 8 7 7 14 20 17 17 17 17 22 21 21 21 21 21 18 18 Energy Cannon 2 | . . . . . . 3 6 4 . . . . 3 5 5 2 2 3 2 Ballistic Gun 2 | . 19 13 2 . . . . . . . . . . . . . . . . Ballistic Cannon 3 | . . 6 10 8 10 2 . . 4 4 5 3 . . . 2 2 . 1 Impact Weapon 1 | . . . 2 5 3 2 . . . . . . . . . 1 5 4 3 Slashing Weapon 2 | . . . . . . 4 6 4 2 . 3 5 4 . . . . . . Peak Build Rating 131 | 6 11 20 36 47 49 55 70 83 84 84 87 87 98 94 99 111 107 114 131 Average Rating 62 | 4 8 15 29 41 45 52 62 77 80 77 83 83 90 93 96 102 102 99 118 On Entrance 64 | . 6 10 20 34 45 46 54 67 83 77 78 87 77 92 93 99 107 92 114 Naked Turns . | . . . . . . . . . . . . . . . . . . . . Heaviest Build 64 | 13 31 59 64 59 36 37 35 36 39 39 32 32 39 30 29 40 40 39 50 Greatest Support 70 | 40 40 40 62 62 35 48 44 36 36 36 36 38 51 30 30 60 60 60 70 Greatest Overweight (x) 2 | . . 1 1 1 1 1 1 . 1 1 . . . . . 1 . 1 2 Average Overweight (x) . | . . . . . . . . . . . . . . . . . . . . Largest Inventory Capacity 20 | 8 15 20 20 20 10 10 10 10 10 10 10 10 10 10 10 10 10 10 10 Average Capacity 12 | 6 11 19 20 16 10 10 10 10 10 10 10 10 10 10 10 10 10 10 9 Most Carried 20 | 2 15 20 20 19 10 10 10 10 10 10 10 10 10 8 10 10 7 10 10 Average Carried 11 | 1 8 16 19 15 9 9 9 9 9 9 10 8 8 8 8 8 6 9 9 Final Capacity 20 | 8 15 20 20 10 10 10 10 10 10 10 10 10 10 10 10 10 10 10 5 Final Carried 20 | 2 14 20 20 10 10 10 10 10 10 10 10 7 8 8 9 7 7 10 5 Class Distribution -------------------- 41% | Hacker-Scout 22% | Mutant 20% | Hacker-Mutant 6% | Scavenger-Mutant Dominant Class ---------------- Mutant | -10/Materials Mutant | -9/Materials Mutant | -8/Materials Assassin | -7/Factory Scout | -7/Waste Hacker-Scout | -7/Factory Hacker-Scout | -6/Factory Hacker-Scout | -5/Factory Hacker-Scout | -5/Extension Commander-Scout | -5/Cetus Commander-Scout | -5/Archives Hacker-Mutant | -5/Hub_04(d) Hacker-Scout | -4/Factory Hacker-Scout | -4/Upper Caves Hacker-Mutant | -4/Upper Caves Hacker-Mutant | -4/Warlord Hacker-Mutant | -3/Proximity Caves Hacker-Mutant | -3/Research Hacker-Mutant | -3/Testing Resources | -11 -10 -9 -8 -7 -7 -7 -6 -5 -5 -5 -5 -5 -4 -4 -4 -4 -3 -3 -3 ----------- Run | Yrd Mat Mat Mat Fac Was Fac Fac Fac Ext Cet Arc Hub Fac Upp Upp War Pro Res Tes Matter Collected 7585 | 229 456 1003 1119 . . 1009 382 72 918 159 214 65 160 . 55 945 66 186 547 Remotely . | . . . . . . . . . . . . . . . . . . . . Salvage Created 10911 | . 795 1576 1386 . . 1505 1366 341 873 49 289 104 189 . . 1166 . 305 967 Parts 509 | . 46 90 69 . . 79 58 16 40 . 19 4 6 . . 42 . 6 34 Haulers Intercepted 21 | . 2 2 5 . . 5 5 1 . . . . . . . . . 1 . Recyclers Shooed 10 | . 4 2 . . . . 3 . . . . . . . . . . 1 . Parts Field Recycled . | . . . . . . . . . . . . . . . . . . . . Retrieved Matter . | . . . . . . . . . . . . . . . . . . . . Parts Self-Destructed . | . . . . . . . . . . . . . . . . . . . . Prevented . | . . . . . . . . . . . . . . . . . . . . Kills | -11 -10 -9 -8 -7 -7 -7 -6 -5 -5 -5 -5 -5 -4 -4 -4 -4 -3 -3 -3 ------- Run | Yrd Mat Mat Mat Fac Was Fac Fac Fac Ext Cet Arc Hub Fac Upp Upp War Pro Res Tes Combat Hostiles Destroyed 141 | . 13 31 25 . . 22 6 . 12 2 1 2 . . . 17 . 2 8 Melee 9 | . . . . . . 2 6 . . . . . . . . 1 . . . Guns 46 | . 13 23 10 . . . . . . . . . . . . . . . . Cannons 70 | . . 8 11 . . 18 . . 4 1 1 2 . . . 16 . 1 8 AOE 15 | . . . 4 . . 2 . . 8 1 . . . . . . . . . Classes Destroyed 20 | . 8 2 3 . . 1 . . . . . . . . . 3 . 1 2 Worker 19 | . 2 1 1 . . 9 2 . 1 . . . . . . . . 1 2 Builder 23 | . . . 3 . . 4 2 2 4 . . . 1 . . . . 2 5 Tunneler 7 | . 1 1 . . . 2 1 . . . . . 1 . . . . 1 . Hauler 21 | . 2 2 5 . . 5 5 1 . . . . . . . . . 1 . Recycler 29 | . 3 6 5 . . 4 4 2 2 . . . 1 . . . . . 2 Mechanic 1 | . . . 1 . . . . . . . . . . . . . . . . Operator 19 | . 2 2 . . . 4 1 . . . 7 1 . . . . . . 2 Drone 2 | . . . . . . . . . . . . . . . . . . . 2 Watcher 18 | . 2 4 5 . . . . . 2 2 . . . . . . . 1 2 Swarmer 38 | . 6 15 8 . . 5 . . 2 . . 1 . . . 1 . . . Grunt 49 | . 7 5 6 . . 11 1 . 8 . . 1 . . . 8 . 1 1 Brawler 3 | . . . . . . . . . . . . . . . . 3 . . . Duelist 1 | . . 1 . . . . . . . . . . . . . . . . . Protector 2 | . . . . . . . . . . . . . . . . 2 . . . Researcher 3 | . . . . . . . . . . . . . . . . . . . 3 Sentry 23 | . . 10 8 . . 2 . . 2 . 1 . . . . . . . . Demolisher 1 | . . . . . . . . . . . . . . . . 1 . . . Hunter 5 | . . . 3 . . . . . . . . . . . . . . . 2 Programmer 13 | . . . . . . 4 5 . . . . . . . . 1 . . 3 Behemoth 1 | . . . . . . . . . . . . . . . . . . 1 . Cetus Guard 2 | . . . . . . . . . . 2 . . . . . . . . . Enhanced Demolisher 1 | . . . . . . . . . . . . . . . . 1 . . . Thug 1 | . . . . . . . . . . . . . . . . 1 . . . Wizard 1 | . . . . . . . . . . . . . . . . 1 . . . Best Kill Streak 8 | . 5 7 7 . . 7 2 2 4 2 8 1 1 . . 3 . 3 4 Combat Bots Only 7 | . 5 7 5 . . 7 1 . 4 1 1 1 . . . 3 . 1 4 Max Kills in Single Turn 4 | . 2 2 2 . . 2 1 1 4 1 1 1 1 . . 1 . 1 2 Gunslinging 1 | . . . 1 . . . . . . . . . . . . . . . . Exploded 4 | . . . 2 . . 2 . . 4 1 . . . . . . . . . Melee 1 | . . . . . . 1 1 . . . . . . . . 1 . . . Uniques/NPCs Destroyed . | . . . . . . . . . . . . . . . . . . . . Combat | -11 -10 -9 -8 -7 -7 -7 -6 -5 -5 -5 -5 -5 -4 -4 -4 -4 -3 -3 -3 -------- Run | Yrd Mat Mat Mat Fac Was Fac Fac Fac Ext Cet Arc Hub Fac Upp Upp War Pro Res Tes Hostile Shots Fired 1104 | . 41 138 126 6 1 130 131 21 52 13 2 13 48 6 . 35 44 18 279 Missed 381 | . 9 37 38 3 1 44 50 9 18 4 . 3 29 4 . 17 24 5 86 Hits 723 | . 32 101 88 3 . 86 81 12 34 9 2 10 19 2 . 18 20 13 193 Projectile 723 | . 32 101 88 3 . 86 81 12 34 9 2 10 19 2 . 18 20 13 193 AOE 4 | . . . . . . . 1 . . . . . . . . 3 . . . Critical Strikes 33 | . . 6 4 . . 3 6 1 2 3 . . . . . . . 1 7 Part Disruptions 1 | . . . . . . . . . . . . . . . . . . . 1 Damage Taken 11766 | . 434 1007 1122 16 . 1021 1294 280 666 195 50 267 435 33 . 691 280 228 3747 Core 2848 | . 67 186 108 6 . 248 215 156 208 91 . 16 21 . . 191 23 87 1225 Absorbed by Shields 300 | . . . . . . 124 . . 122 54 . . . . . . . . . Ignored by Resistances 80 | . . . . . . . . . . . . . . . . . . . 80 Regen/Repaired (Parts) 1215 | . . . . . . 208 67 198 . . . . 201 . . 73 . 337 131 Core Remaining (%) 71 | 100 73 53 80 . . 63 74 . . . . 52 . . . . 79 . . Volleys Fired 808 | 1 68 109 90 . . 118 28 40 89 20 6 5 7 6 1 112 2 16 90 Largest 2 | 2 2 2 2 . . 1 1 1 2 1 1 1 1 1 1 1 1 1 1 Hottest 112 | 60 80 112 89 . . 85 90 98 106 55 55 55 98 98 98 55 98 105 105 Shots Fired 1063 | 2 129 217 170 . . 120 30 40 92 20 6 5 7 6 1 109 2 16 91 Gun 354 | 2 125 176 51 . . . . . . . . . . . . . . . . Cannon 679 | . . 40 115 . . 119 30 40 80 12 6 5 7 6 1 109 2 16 91 Launcher 30 | . 4 1 4 . . 1 . . 12 8 . . . . . . . . . Special . | . . . . . . . . . . . . . . . . . . . . Kinetic 766 | 1 91 200 140 . . 74 . 2 60 12 6 5 . . . 109 1 11 54 Thermal 256 | 1 29 16 26 . . 45 30 38 20 . . . 7 6 1 . 1 5 31 Explosive 30 | . 4 1 4 . . 1 . . 12 8 . . . . . . . . . Electromagnetic 11 | . 5 . . . . . . . . . . . . . . . . . 6 Robot Hit Streak 22 | 1 10 14 17 . . 5 4 . 15 22 15 1 . . . 8 . 6 20 Robot Miss Streak 8 | 1 8 6 4 . . 3 1 2 3 1 . 2 . . . 5 . 2 4 Penetration Max 2 | . . . . . . . . . 1 . . . . . . 2 . 1 2 Secondary Targets 4 | . . 2 2 . . . . . . . . . . . . . . . . Max Gunslinging Chain 1 | . . 1 1 . . . . . . . . . . . . . . . . Shots Hit Robots 701 | 1 85 143 103 . . 79 50 6 51 16 16 4 3 . . 71 . 17 56 Core Hits 361 | 1 47 65 55 . . 35 20 4 39 26 8 4 1 . . 35 . 4 17 Critical Kills 33 | . . 1 1 . . . . . 4 . . . . . . 16 . 2 9 Critical Parts Destroyed 54 | . 1 1 2 . . 5 . . 4 . . . . . . 27 . 3 11 Critical Strikes 113 | . 1 7 8 . . 7 4 . 12 . 1 . . . . 46 . 5 22 Burn 3 | . . 3 . . . . . . . . . . . . . . . . . Meltdown 2 | . . . . . . . . . . . . . . . . . . 1 1 Destroy 81 | . 1 2 1 . . . . . 8 . . . . . . 46 . 3 20 Blast 14 | . . 2 5 . . 2 . . 4 . 1 . . . . . . . . Smash 9 | . . . 2 . . 5 . . . . . . . . . . . 1 1 Sever 4 | . . . . . . . 4 . . . . . . . . . . . . Melee Attacks 405 | . . 5 12 . . 122 108 52 6 . 11 4 24 . . 3 5 12 41 Impact 110 | . . 5 12 . . 33 . . . . . . . . . 2 5 12 41 Slashing 295 | . . . . . . 89 108 52 6 . 11 4 24 . . 1 . . . Piercing . | . . . . . . . . . . . . . . . . . . . . Sneak Attacks 79 | . . . 5 . . 26 15 5 6 . 7 1 3 . . . . 5 6 Combat Hostiles 1 | . . . . . . . 1 . . . . . . . . . . . . Follow-up Attacks . | . . . . . . . . . . . . . . . . . . . . Damage Inflicted 25179 | 13 1192 2220 3344 . . 4720 2662 502 2896 1327 999 303 196 . . 1697 . 902 2206 Guns 3325 | 11 1145 1553 616 . . . . . . . . . . . . . . . . Cannons 9252 | . . 631 1576 . . 1562 157 . 1282 423 227 128 . . . 1637 . 282 1347 Explosions 2839 | . 24 16 611 . . 100 . . 1074 904 . . . . . . . . 110 Melee 9709 | . . . 532 . . 3058 2505 502 540 . 772 175 196 . . 60 . 620 749 Ramming 54 | 2 23 20 9 . . . . . . . . . . . . . . . . Kinetic 10710 | . 858 2013 1816 . . 1417 . . 1154 423 227 128 . . . 1637 . 132 905 Thermal 1621 | 11 247 171 376 . . 145 157 . 128 . . . . . . . . 150 236 Explosive 2815 | . . 16 611 . . 100 . . 1074 904 . . . . . . . . 110 Electromagnetic 270 | . 64 . . . . . . . . . . . . . . . . . 206 Impact 3382 | . . . 532 . . 1421 . . . . . . . . . 60 . 620 749 Slashing 6327 | . . . . . . 1637 2505 502 540 . 772 175 196 . . . . . . Piercing . | . . . . . . . . . . . . . . . . . . . . Highest Corruption 22 | . . . . . . 3 8 1 1 1 1 2 . . . 22 22 . 17 Average Corruption 4 | . . . . . . 1 4 1 1 1 1 1 . . . 21 22 . 9 Corruption Purged . | . . . . . . . . . . . . . . . . . . . . Corruption Blocked . | . . . . . . . . . . . . . . . . . . . . Effects 125 | . . . . . . 24 29 4 11 1 . 1 . . . 19 13 . 23 Message Errors 31 | . . . . . . 5 9 1 3 1 . . . . . 2 5 . 5 Matter Fused 24 | . . . . . . 5 6 1 2 . . . . . . 3 1 . 6 Heat Flow Errors 15 | . . . . . . 4 5 . . . . . . . . 2 2 . 2 Energy Discharges 11 | . . . . . . 2 1 . 1 . . 1 . . . 5 . . 1 Parts Rejected 2 | . . . . . . . 1 . . . . . . . . 1 . . . Data Loss (minor) 16 | . . . . . . 2 3 2 4 . . . . . . 1 1 . 3 Data Loss (major) 9 | . . . . . . 4 1 . . . . . . . . 1 2 . 1 Misfires 7 | . . . . . . 2 2 . 1 . . . . . . . . . 2 Alerts 1 | . . . . . . . 1 . . . . . . . . . . . . Misdirections 5 | . . . . . . . . . . . . . . . . 1 2 . 2 Weapon Failures 4 | . . . . . . . . . . . . . . . . 3 . . 1 Overload Shots . | . . . . . . . . . . . . . . . . . . . . Overflow Damage 3399 | . . . 359 . . 1354 198 77 207 . 115 45 78 . . 17 . 328 621 Projectiles 147 | . . . 18 . . 60 . . 3 . . . . . . 17 . . 49 Explosions 151 | . . . 21 . . . . . 22 . . . . . . . . . 108 Melee 3101 | . . . 320 . . 1294 198 77 182 . 115 45 78 . . . . 328 464 Knockbacks 49 | . . 1 8 . . 4 . . 9 . . . . . . 10 . 4 13 Impact 6 | . . . 2 . . 1 . . . . . . . . . . . 1 2 Kinetic 42 | . . 1 5 . . 3 . . 9 . . . . . . 10 . 3 11 Secondary 1 | . . . 1 . . . . . . . . . . . . . . . . Self-Inflicted Damage 160 | . . . . . . . . . 41 . . . . . . . . . 119 Shots 2 | . . . . . . . . . 1 . . . . . . . . . 1 Rammed 19 | 1 8 8 2 . . . . . . . . . . . . . . . . Targets Rammed 21 | 1 8 9 3 . . . . . . . . . . . . . . . . Kicked . | . . . . . . . . . . . . . . . . . . . . Crushed 2 | . . 1 1 . . . . . . . . . . . . . . . . Highest Temperature 398 | . 36 90 168 . . 398 251 136 318 4 . 4 90 98 34 126 254 84 232 Average Temperature 56 | . 13 19 41 . . 66 66 33 84 4 . 4 34 34 18 55 106 24 72 Received Heat Transfer 1830 | . 150 321 306 . . 289 378 18 113 18 . 18 12 18 . 30 9 24 126 Effects 8 | . . . . . . 7 . . . . . . . . . . . . 1 Energy Bleed 3 | . . . . . . 2 . . . . . . . . . . . . 1 Interference 5 | . . . . . . 5 . . . . . . . . . . . . . Siege Activations . | . . . . . . . . . . . . . . . . . . . . Martial Activations . | . . . . . . . . . . . . . . . . . . . . Shielding Activations . | . . . . . . . . . . . . . . . . . . . . Robots Disrupted . | . . . . . . . . . . . . . . . . . . . . Combat Hostiles . | . . . . . . . . . . . . . . . . . . . . Robots Corrupted 13 | . . . 3 . . 3 . . . . . . . . . . . 2 5 Combat Hostiles . | . . . . . . . . . . . . . . . . . . . . Parts Fried 33 | . 1 . 2 . . 9 . . 1 . . . . . . . . 5 15 Impact Corruptions 70 | . . . 13 . . 27 . . . . . . . . . . . 13 17 Robots Melted 2 | . . . . . . . . . . . . . . . . . . 1 1 Combat Hostiles 1 | . . . . . . . . . . . . . . . . . . 1 . Parts Melted 16 | . . 2 1 . . . . . . . . . . . . 9 . . 4 Heat Transferred 2812 | 25 550 592 666 . . 148 224 . 200 . . . . . . . . 148 259 Parts Sabotaged . | . . . . . . . . . . . . . . . . . . . . Parts Stolen . | . . . . . . . . . . . . . . . . . . . . Parts Stripped . | . . . . . . . . . . . . . . . . . . . . Power Chain Reactions 1 | . 1 . . . . . . . . . . . . . . . . . . Alert | -11 -10 -9 -8 -7 -7 -7 -6 -5 -5 -5 -5 -5 -4 -4 -4 -4 -3 -3 -3 ------- Run | Yrd Mat Mat Mat Fac Was Fac Fac Fac Ext Cet Arc Hub Fac Upp Upp War Pro Res Tes Maximum Alert Level 3 | . . 1 2 . . 3 2 1 3 3 2 2 . . . . . 1 2 Low Security (%) 56 | 100 100 14 38 100 100 27 66 99 83 . . 43 100 . . . . 66 67 Level 1 33 | . . 85 53 . . 47 29 . 3 . 27 33 . . . . . 33 27 Level 2 9 | . . . 7 . . 23 4 . 11 78 72 22 . . . . . . 5 Level 3 . | . . . . . . 1 . . 1 21 . . . . . . . . . Level 4 . | . . . . . . . . . . . . . . . . . . . . Level 5 . | . . . . . . . . . . . . . . . . . . . . High Security . | . . . . . . . . . . . . . . . . . . . . Max Security . | . . . . . . . . . . . . . . . . . . . . Peak Influence 763 | . 163 397 421 115 26 702 520 252 763 739 478 468 184 . . . . 306 435 Initial 424 | . . 55 161 115 26 . 214 252 14 424 283 153 179 . . . . 306 45 Average 183 | . 45 245 244 99 7 269 184 54 105 588 432 261 89 . . . . 169 124 Influence Increases 10369 | . 457 983 962 . . 1397 1104 559 1255 435 285 484 399 105 . 385 90 427 1042 Destroy 0b10 Robot/C 3500 | . 260 620 500 . . 440 120 . 600 160 80 160 . . . 300 . 40 220 Destroy 0b10 Robot/NC 700 | . 60 80 100 . . 135 75 25 50 10 35 10 15 . . 10 . 30 65 Destroy Leader 700 | . 68 172 160 . . 106 60 2 54 . . 20 . . . . . 24 34 Allied During Kill 704 | . . . . . . . . . 242 157 115 190 . . . . . . . Trap Triggered on 0b10 40 | . . . . . . . . 10 . . . . . . . . . . 30 Successful Hack 674 | . 19 46 70 . . 135 142 106 46 . . 5 30 . . . . 12 63 Select Force Hacks 80 | . . . . . . 30 . . . . . 50 . . . . . . . Disable Machine 435 | . 15 30 30 . . 120 60 15 30 . 45 . . . . . . 15 75 Destroy Structure 1001 | . 20 20 57 . . 146 62 146 218 108 10 34 54 . . . . 6 120 Advance Influence 300 | . . . . . . . . . . . . . . . . . . 300 . Partial Spotted 240 | . . . . . . 60 90 30 . . . . 45 . . . . . 15 Lose Combat Pursuer 1995 | . 15 15 45 . . 225 495 225 15 . . 15 255 105 . 75 90 . 420 Influence Decreases 10146 | . 326 730 1091 180 75 959 1025 1047 525 485 556 555 582 250 39 258 207 356 900 Entered New Map 2470 | . . 76 223 140 49 . 224 265 15 335 426 285 188 69 8 . 127 4 36 Time Decay 5715 | . 306 614 668 40 26 639 601 499 400 150 90 60 356 171 31 228 50 342 444 Search Patrol Dispatched 300 | . . . . . . . 150 . . . . . . . . . . . 150 Lost Part 638 | . 20 40 50 . . 20 50 20 20 . . 30 38 10 . 30 30 10 270 Lost Ally 320 | . . . . . . . . 10 90 . 40 180 . . . . . . . Purge Threat 703 | . . . 150 . . 300 . 253 . . . . . . . . . . . Squads Dispatched 71 | . 2 2 1 . . 21 9 14 3 . . 2 2 . . . . 4 11 Investigation 20 | . . . . . . 6 2 7 . . . 1 . . . . . 2 2 Extermination 24 | . . . . . . 8 5 5 . . . . 2 . . . . . 4 Reinforcement 25 | . 2 2 1 . . 6 2 2 3 . . . . . . . . 2 5 Assault 1 | . . . . . . 1 . . . . . . . . . . . . . Garrison 1 | . . . . . . . . . . . . 1 . . . . . . . Intercept . | . . . . . . . . . . . . . . . . . . . . Searches Triggered 2 | . . . . . . . 1 . . . . . . . . . . . 1 Construction Impeded 5 | . . . 1 . . . . . 2 . . . . . . . . 1 1 Haulers Reinforced 4 | . . . . . . 3 1 . . . . . . . . . . . . Active Scanning Responses . | . . . . . . . . . . . . . . . . . . . . Cargo Convoy Interrupts . | . . . . . . . . . . . . . . . . . . . . Stealth | -11 -10 -9 -8 -7 -7 -7 -6 -5 -5 -5 -5 -5 -4 -4 -4 -4 -3 -3 -3 --------- Run | Yrd Mat Mat Mat Fac Was Fac Fac Fac Ext Cet Arc Hub Fac Upp Upp War Pro Res Tes Distress Signals 27 | . . 3 2 . . 3 3 1 1 1 . 2 2 . . . . 5 4 Communications Jammed . | . . . . . . . . . . . . . . . . . . . . Distress Signals . | . . . . . . . . . . . . . . . . . . . . Times Spotted 499 | . 24 54 33 1 6 46 62 23 32 8 7 18 25 7 . 81 8 12 52 Peak Tracking Total 16 | . 5 4 4 1 6 5 13 5 4 4 1 12 16 4 . 14 6 6 13 Tactical Retreats 66 | . 1 1 1 . 2 7 15 10 1 . . 1 7 3 . 4 4 . 9 Traps | -11 -10 -9 -8 -7 -7 -7 -6 -5 -5 -5 -5 -5 -4 -4 -4 -4 -3 -3 -3 ------- Run | Yrd Mat Mat Mat Fac Was Fac Fac Fac Ext Cet Arc Hub Fac Upp Upp War Pro Res Tes Traps Triggered 26 | . 2 . 1 1 . 6 6 2 1 . . . 3 . . . . 1 3 Indirectly . | . . . . . . . . . . . . . . . . . . . . Trap Hack Attempts . | . . . . . . . . . . . . . . . . . . . . Triggered . | . . . . . . . . . . . . . . . . . . . . Disarmed . | . . . . . . . . . . . . . . . . . . . . Reprogrammed 8 | . . . . . . . . 2 . . . . . . . . . . 6 Reused 4 | . . . . . . . . 1 . . . . . . . . . . 3 Traps Extracted . | . . . . . . . . . . . . . . . . . . . . Installed . | . . . . . . . . . . . . . . . . . . . . Triggered 4 | . . . . . . . . 1 . . . . . . . . . . 3 Machines | -11 -10 -9 -8 -7 -7 -7 -6 -5 -5 -5 -5 -5 -4 -4 -4 -4 -3 -3 -3 ---------- Run | Yrd Mat Mat Mat Fac Was Fac Fac Fac Ext Cet Arc Hub Fac Upp Upp War Pro Res Tes Machines Disabled 32 | . 1 2 2 . . 8 4 1 3 . 3 . . . 1 . . 1 6 Max in Single Turn 2 | . 1 1 1 . . 1 1 1 1 . . . . . 1 . . 1 2 Garrison Access 4 | . . . . . . 1 1 1 . . . . 1 . . . . . . Network Hub 1 | . . . . . . . . . . . . 1 . . . . . . . Machines Repaired . | . . . . . . . . . . . . . . . . . . . . Machines Dismantled . | . . . . . . . . . . . . . . . . . . . . Machines Sabotaged 1 | . . . . . . . . . . . . 1 . . . . . . . Overloaded Fab Kills . | . . . . . . . . . . . . . . . . . . . . Hacking | -11 -10 -9 -8 -7 -7 -7 -6 -5 -5 -5 -5 -5 -4 -4 -4 -4 -3 -3 -3 --------- Run | Yrd Mat Mat Mat Fac Was Fac Fac Fac Ext Cet Arc Hub Fac Upp Upp War Pro Res Tes Machines Accessed 133 | . 5 9 13 . . 21 23 20 13 2 . 4 6 . 1 5 . 3 8 Terminals 83 | . 5 9 11 . . 10 14 11 12 2 . 3 1 . . . . 1 4 Fabricators 14 | . . . . . . 4 3 4 . . . . 1 . . . . 1 1 Repair Stations 13 | . . . 1 . . 3 3 2 . . . . 2 . . . . 1 1 Recycling Units 5 | . . . . . . . 1 2 1 . . . 1 . . . . . . Scanalyzers 5 | . . . . . . 3 1 . . . . . . . . . . . 1 Garrison Access 7 | . . . 1 . . 1 1 1 . . . 1 1 . . . . . 1 Total Hacks 428 | . 15 35 44 . . 60 77 77 22 2 . 9 20 . 1 13 . 12 41 Successful 267 | . 10 22 31 . . 31 44 56 13 2 . 2 13 . 1 13 . 9 20 Failed 159 | . 5 12 12 . . 29 33 21 9 . . 7 7 . . . . 3 21 Catastrophic 21 | . . 1 1 . . 7 4 . 1 . . 1 . . . . . . 6 Database Lockouts 2 | . . 1 1 . . . . . . . . . . . . . . . . Manual 171 | . 10 22 24 . . 21 27 33 7 1 . 7 3 . . . . 1 15 Terminals 292 | . 15 35 39 . . 28 60 50 20 2 . 7 4 . . . . 4 28 Fabricators 38 | . . . . . . 13 6 16 . . . . 1 . . . . 1 1 Repair Stations 47 | . . . 3 . . 10 7 7 . . . . 11 . . . . 7 2 Recycling Units 9 | . . . . . . . 1 3 2 . . . 3 . . . . . . Scanalyzers 16 | . . . . . . 8 2 . . . . . . . . . . . 6 Garrison Access 12 | . . . 2 . . 1 1 1 . . . 2 1 . . . . . 4 Terminal Hacks 130 | . 4 13 21 . . 8 22 20 11 2 . 1 1 . 1 13 . 1 12 Record 7 | . . . . . . . . . . 1 . . . . 1 5 . . . Part Schematic 8 | . . . 2 . . 1 3 2 . . . . . . . . . . . Robot Analysis 7 | . . 4 2 . . . 1 . . . . . . . . . . . . Prototype ID Bank 20 | . . 2 4 . . . 5 1 1 . . . . . . 6 . . 1 Open Door 12 | . . . . . . . . 1 8 1 . . . . . 2 . . . Level Access Points 3 | . . . 1 . . . 1 . . . . 1 . . . . . . . Branch Access Points 4 | . . . 1 . . 1 1 1 . . . . . . . . . . . Emergency Access Points 1 | . . . . . . . . 1 . . . . . . . . . . . Terminal Index 3 | . . . 1 . . 1 . 1 . . . . . . . . . . . Fabricator Index 1 | . . . . . . . . 1 . . . . . . . . . . . Repair Station Index 3 | . . . . . . 1 1 1 . . . . . . . . . . . Scanalyzer Index 2 | . . . . . . . 1 1 . . . . . . . . . . . Alert Level 2 | . . . 1 . . . 1 . . . . . . . . . . . . Unreport Threat 5 | . . . 1 . . 2 . 2 . . . . . . . . . . . Locate Traps 18 | . 2 3 2 . . 1 3 3 2 . . . . . . . . 1 1 Reprogram Traps 3 | . . . . . . . . 1 . . . . . . . . . . 2 Maintenance Status 2 | . 1 . 1 . . . . . . . . . . . . . . . . Surveillance Status 1 | . . . . . . . . . . . . . . . . . . . 1 Patrol Status 2 | . . . 1 . . . . . . . . . . . . . . . 1 Transport Status 3 | . . . 2 . . . 1 . . . . . . . . . . . . Recall Investigation 1 | . . . . . . . . 1 . . . . . . . . . . . Recall Extermination 3 | . . . . . . . . . . . . . 1 . . . . . 2 Hauler Manifests 4 | . 1 . 1 . . . 1 . . . . . . . . . . . 1 Registered Components 4 | . . 1 . . . . 1 1 . . . . . . . . . . 1 Registered Prototypes 2 | . . . . . . . 1 . . . . . . . . . . . 1 Zone Layout 9 | . . 3 1 . . 1 1 2 . . . . . . . . . . 1 Fabricator Hacks 24 | . . . . . . 7 4 10 . . . . 1 . . . . 1 1 Network Status 7 | . . . . . . 1 1 2 . . . . 1 . . . . 1 1 Load Schematic 9 | . . . . . . 3 2 4 . . . . . . . . . . . Build 8 | . . . . . . 3 1 4 . . . . . . . . . . . Repair Station Hacks 31 | . . . 1 . . 4 6 6 . . . . 7 . . . . 6 1 Scan Component 17 | . . . 1 . . 3 3 3 . . . . 4 . . . . 3 . Repair 13 | . . . . . . 1 3 3 . . . . 3 . . . . 3 . Refit 1 | . . . . . . . . . . . . . . . . . . . 1 Recycling Unit Hacks 4 | . . . . . . . 1 2 . . . . 1 . . . . . . Report Inventory 2 | . . . . . . . . 2 . . . . . . . . . . . Retrieve Components 2 | . . . . . . . 1 . . . . . 1 . . . . . . Scanalyzer 8 | . . . . . . 4 2 . . . . . . . . . . . 2 Insert Component 4 | . . . . . . 2 1 . . . . . . . . . . . 1 Analyze 4 | . . . . . . 2 1 . . . . . . . . . . . 1 Garrison Access Hacks 4 | . . . . . . 1 1 1 . . . . 1 . . . . . . Seal Access 4 | . . . . . . 1 1 1 . . . . 1 . . . . . . Unauthorized Hacks 66 | . 6 9 9 . . 7 8 17 2 . . 1 2 . . . . 1 4 Terminals 56 | . 6 9 9 . . 5 8 12 1 . . 1 1 . . . . 1 3 Assimilate 4 | . . . . . . 1 . 3 . . . . . . . . . . . Botnet 23 | . 3 2 2 . . 2 3 5 1 . . . 1 . . . . 1 3 Operators 3 | . . 2 1 . . . . . . . . . . . . . . . . Skim 25 | . 3 5 6 . . 2 5 4 . . . . . . . . . . . Sabotage 1 | . . . . . . . . . . . . 1 . . . . . . . Fabricators 3 | . . . . . . . . 3 . . . . . . . . . . . Prioritize 3 | . . . . . . . . 3 . . . . . . . . . . . Repair Stations 3 | . . . . . . 1 . 1 . . . . . . . . . . 1 Patch 3 | . . . . . . 1 . 1 . . . . . . . . . . 1 Recycling Units 3 | . . . . . . . . 1 1 . . . 1 . . . . . . Recyclers 3 | . . . . . . . . 1 1 . . . 1 . . . . . . Scanalyzers 1 | . . . . . . 1 . . . . . . . . . . . . . Extract 1 | . . . . . . 1 . . . . . . . . . . . . . Garrison Access . | . . . . . . . . . . . . . . . . . . . . Data Cores Recovered 2 | . . . . . . . . . . . . 1 . . . . . 1 . Used 1 | . . . . . . . . . . . . 1 . . . . . . . Hacking Detections 92 | . 4 7 11 . . 18 18 14 6 . . 3 4 . . . . 2 5 Full Trace Events 12 | . . . . . . 4 2 5 . . . . . . . . . . 1 Feedback Events 1 | . . . . . . . 1 . . . . . . . . . . . . Hackware Fried 1 | . . . . . . . 1 . . . . . . . . . . . . Feedback Blocked . | . . . . . . . . . . . . . . . . . . . . Robot Schematics Acquired 1 | . . . . . . . . . . . . . . . . . . . 1 Robots Built . | . . . . . . . . . . . . . . . . . . . . Authchips . | . . . . . . . . . . . . . . . . . . . . Time . | . . . . . . . . . . . . . . . . . . . . Total Robot Build Rating . | . . . . . . . . . . . . . . . . . . . . Part Schematics Acquired 29 | . . . 2 . . 14 4 2 . . . . . . . . . . 7 Parts Built 10 | . . . . . . 4 1 5 . . . . . . . . . . . Authchips . | . . . . . . . . . . . . . . . . . . . . Time 539 | . . . . . . 176 134 229 . . . . . . . . . . . Total Part Build Rating 49 | . . . . . . 16 4 29 . . . . . . . . . . . Parts Repaired 12 | . . . . . . 1 2 3 . . . . 3 . . . . 3 . Time 722 | . . . . . . 43 145 204 . . . . 108 . . . . 222 . Parts Recycled . | . . . . . . . . . . . . . . . . . . . . Recycled Matter . | . . . . . . . . . . . . . . . . . . . . Retrieved Matter . | . . . . . . . . . . . . . . . . . . . . Retrieved Components 5 | . . . . . . . 2 . . . . . 3 . . . . . . Parts Scanalyzed 4 | . . . . . . 2 1 . . . . . . . . . . . 1 Part Schematics Acquired 3 | . . . . . . 2 1 . . . . . . . . . . . . Parts Damaged . | . . . . . . . . . . . . . . . . . . . . Bothacking | -11 -10 -9 -8 -7 -7 -7 -6 -5 -5 -5 -5 -5 -4 -4 -4 -4 -3 -3 -3 ------------ Run | Yrd Mat Mat Mat Fac Was Fac Fac Fac Ext Cet Arc Hub Fac Upp Upp War Pro Res Tes Used RIF Installer . | . . . . . . . . . . . . . . . . . . . . Robots Hacked . | . . . . . . . . . . . . . . . . . . . . Non-combat . | . . . . . . . . . . . . . . . . . . . . Combat . | . . . . . . . . . . . . . . . . . . . . Robot Hacks Applied . | . . . . . . . . . . . . . . . . . . . . Relay Couplers Released . | . . . . . . . . . . . . . . . . . . . . Fabnet Peak Effective % . | . . . . . . . . . . . . . . . . . . . . Robots Rewired 5 | . . . . . . . . . 5 . . . . . . . . . . Allies Hacked . | . . . . . . . . . . . . . . . . . . . . Hacks Repelled . | . . . . . . . . . . . . . . . . . . . . Allies | -11 -10 -9 -8 -7 -7 -7 -6 -5 -5 -5 -5 -5 -4 -4 -4 -4 -3 -3 -3 -------- Run | Yrd Mat Mat Mat Fac Was Fac Fac Fac Ext Cet Arc Hub Fac Upp Upp War Pro Res Tes Total Allies 24 | . . . . . . 1 . 2 16 5 . . . . . . . . . Largest Group 14 | . . . . . . 1 . 1 9 14 13 10 . . . . . . . Highest-Rated Group 856 | . . . . . . 26 . 26 394 856 831 608 . . . . . . . Highest-Rated Ally 159 | . . . . . . 26 . 26 159 159 159 96 . . . . . . . Total Orders . | . . . . . . . . . . . . . . . . . . . . Ally Attacks 282 | . . . . . . . . . 134 48 44 56 . . . . . . . Total Damage 6861 | . . . . . . . . . 2878 1444 849 1690 . . . . . . . Kills 36 | . . . . . . . . . 20 6 3 7 . . . . . . . Allies Corrupted 5 | . . . . . . . . . . . . 5 . . . . . . . Allies Melted . | . . . . . . . . . . . . . . . . . . . . Intel | -11 -10 -9 -8 -7 -7 -7 -6 -5 -5 -5 -5 -5 -4 -4 -4 -4 -3 -3 -3 ------- Run | Yrd Mat Mat Mat Fac Was Fac Fac Fac Ext Cet Arc Hub Fac Upp Upp War Pro Res Tes Active Infowar (turns) 20443 | . 1061 2078 2446 81 132 3570 1860 1936 1368 317 181 97 832 421 96 1216 222 769 1760 Optics 7688 | . . . 1506 81 132 3469 1653 . 343 317 181 6 . . . . . . . Sensors 18015 | . . 2078 1284 81 132 3515 1826 1936 1368 317 181 97 832 421 96 1216 220 769 1646 Terrain 2719 | . . . . . . . . 1935 784 . . . . . . . . . . Structural 1071 | . . . . . . . . . 117 . . . 591 363 . . . . . Decoding 4021 | . . . . . . . . . . . . . . . 54 1216 222 769 1760 T.N.C. 1063 | . 1061 2 . . . . . . . . . . . . . . . . . Machine Analysis 2 | . . . . . . . . 2 . . . . . . . . . . . Cloaking 56 | . . . . . . . . 56 . . . . . . . . . . . ECM 76 | . . . . . . . 6 . . . . . 70 . . . . . . Robot Analysis Total 7 | . . 4 2 . . . 1 . . . . . . . . . . . . Derelict Logs Recovered 1 | . . . . . . . . . . . . . . 1 . . . . . Drone Launches . | . . . . . . . . . . . . . . . . . . . . Drone Recoveries . | . . . . . . . . . . . . . . . . . . . . Decoded 0b10 Intel 106 | . . . . . . . . . . . . . . . . . . 56 50 Items 106 | . . . . . . . . . . . . . . . . . . 56 50 Exploration | -11 -10 -9 -8 -7 -7 -7 -6 -5 -5 -5 -5 -5 -4 -4 -4 -4 -3 -3 -3 ------------- Run | Yrd Mat Mat Mat Fac Was Fac Fac Fac Ext Cet Arc Hub Fac Upp Upp War Pro Res Tes Turns Passed 21023 | 92 1313 2078 2568 81 132 3570 1924 1936 1368 317 181 122 832 421 96 1216 222 769 1785 Spaces Moved 20692 | 51 645 705 1344 84 223 4331 2664 2547 1643 237 201 207 1213 589 200 1251 460 587 1510 Core 57 | 4 . . . . . . . . . . . . . . . . . . 53 Treads 2763 | 47 645 705 1344 22 . . . . . . . . . . . . . . . Legs . | . . . . . . . . . . . . . . . . . . . . Wheels . | . . . . . . . . . . . . . . . . . . . . Hover 17872 | . . . . 62 223 4331 2664 2547 1643 237 201 207 1213 589 200 1251 460 587 1457 Flight . | . . . . . . . . . . . . . . . . . . . . Fastest Speed 22 | 50 160 160 155 45 45 22 38 38 38 38 38 38 33 45 45 36 42 42 42 Average Speed 60 | 151 160 225 157 75 45 41 38 38 40 38 38 38 38 45 45 54 42 64 51 Slowest Speed 240 | 160 160 240 240 155 105 105 102 38 88 88 38 40 45 45 45 98 47 160 220 Overloaded Moves 38 | . . . . . . 1 . . . . . . 37 . . . . . . Propulsion Burnouts . | . . . . . . . . . . . . . . . . . . . . Robots Hopped . | . . . . . . . . . . . . . . . . . . . . Potential Cave-ins 23 | . . . . . . . . 2 8 . . . . . . . . . 13 Cave-ins Triggered 1 | . . . . . . . . . . . . . . . . . . . 1 Exploration Rate (%) 59 | 4 91 70 89 2 85 68 68 55 82 85 98 22 26 58 38 84 78 17 73 Regions Visited 19 Branch Regions 9 Pre-discovered Areas 8 | . . 2 3 . . . 3 . . . . . . . . . . . . Known Exits Taken 15 | . . 1 1 . . 1 1 1 1 1 1 1 1 1 1 1 1 1 . Unknown Exits Taken 2 | 1 1 . . . . . . . . . . . . . . . . . . Scrap Searched 3 | . . . . . . . . . . . . . . . 1 . 2 . . Spaces Dug 259 | . . 5 7 . . 88 50 54 3 . . . 24 5 . 1 3 2 17 Terrain Destroyed 887 | . 21 17 51 . . 158 74 81 218 117 . 1 27 6 . 3 4 3 106 Melee 219 | . . 5 4 . . 76 50 44 . . . . 20 . . 1 3 2 14 Projectile 228 | . . 7 23 . . 70 24 37 20 1 . 1 7 6 . 2 1 1 28 AOE 440 | . 21 5 24 . . 12 . . 198 116 . . . . . . . . 64 Terrain Rammed . | . . . . . . . . . . . . . . . . . . . . Walls Destroyed . | . . . . . . . . . . . . . . . . . . . . Machines Disabled . | . . . . . . . . . . . . . . . . . . . . Actions | -11 -10 -9 -8 -7 -7 -7 -6 -5 -5 -5 -5 -5 -4 -4 -4 -4 -3 -3 -3 --------- Run | Yrd Mat Mat Mat Fac Was Fac Fac Fac Ext Cet Arc Hub Fac Upp Upp War Pro Res Tes Total 27374 | 60 789 961 1619 104 252 5770 3351 3392 2229 439 282 236 1531 737 204 1663 475 938 2342 Wait 4743 | . 31 66 69 2 25 1065 460 702 456 178 59 15 252 142 . 276 6 302 637 Move 20673 | 50 644 704 1343 84 222 4330 2663 2546 1642 236 200 206 1212 588 199 1250 459 586 1509 Hop . | . . . . . . . . . . . . . . . . . . . . Pick Up 134 | 1 16 23 23 1 1 14 11 14 1 . 1 . 7 . 2 2 1 8 8 Fast Attach 76 | 6 1 4 7 1 1 3 7 6 4 . 1 . 7 . 1 4 . 7 16 Attach 56 | . 2 5 7 1 . 3 9 5 2 1 . 3 6 . . 5 1 . 6 Detach 20 | . . 2 4 . . 2 1 1 2 1 . 1 2 . . 2 . . 2 Swap 176 | 1 13 16 32 5 1 31 15 9 12 3 3 2 9 1 . 4 1 2 16 Drop 156 | . 6 18 29 10 2 26 15 17 1 . 1 . 5 . 1 5 . 5 15 Fire 808 | 1 68 109 90 . . 118 28 40 89 20 6 5 7 6 1 112 2 16 90 Melee 405 | . . 5 12 . . 122 108 52 6 . 11 4 24 . . 3 5 12 41 Ram . | . . . . . . . . . . . . . . . . . . . . Kick . | . . . . . . . . . . . . . . . . . . . . Crush 21 | 1 8 9 3 . . . . . . . . . . . . . . . . Escape Stasis 92 | . . . . . . 56 34 . . . . . . . . . . . 2 Rewire 14 | . . . . . . . . . 14 . . . . . . . . . . Trap . | . . . . . . . . . . . . . . . . . . . . Miscellaneous . | . . . . . . . . . . . . . . . . . . . . Route ------- -11/Scrapyard -10/Materials (discovered 4 exits: *Mat x3 / [*Min]) -9/Materials (discovered 5 exits: *Mat x3 / [*Min x2]) -8/Materials (discovered 3 exits: *Fac x3) -7/Factory -7/Waste -7/Factory (discovered 5 exits: *Fac / *Sto x2 / *Low x2) -6/Factory (discovered 6 exits: *Fac x4 / *Low x2) -5/Factory (discovered 6 exits: *Fac x2 / *Upp x2 / *Ext x2) -5/Extension (discovered 2 exits: *Fac / *Cet) -5/Cetus (discovered 2 exits: *Fac / *Arc) -5/Archives (discovered 3 exits: *Fac / *Hub x2) -5/Hub_04(d) (discovered 4 exits: *Fac x4) -4/Factory (discovered 2 exits: *Upp / [*Arm]) -4/Upper Caves -4/Upper Caves (discovered 2 exits: Res / *War) -4/Warlord -3/Proximity Caves -3/Research -3/Testing History --------- Turn | Location | Event 2 | -11/Scrapyard | Met Revision 17 10 | -11/Scrapyard | Discovered new exit (range 15) 93 | -11/Scrapyard | Entered Materials 303 | -10/Materials | Build established: Mutant 373 | -10/Materials | Discovered new exit (range 7) 496 | -10/Materials | Discovered new exit (range 3) 666 | -10/Materials | Discovered new exit (range 10) 1113 | -10/Materials | Discovered new exit (range 9) 1406 | -10/Materials | Entered another Materials area 1406 | -9/Materials | Evolved 2 slots: Utility x2 1672 | -9/Materials | Destroyed 7 combat bots 1745 | -9/Materials | Lost 3 parts (1p2n) 2013 | -9/Materials | Discovered new exit (range 16) 2467 | -9/Materials | Discovered new exit (range 8) 2542 | -9/Materials | Learned location of Zion (-6) 2608 | -9/Materials | Learned Storage trap positions 2662 | -9/Materials | Learned location of Mines (-9) 2706 | -9/Materials | Learned Storage stockpile data 2739 | -9/Materials | Identified exit to Materials 2760 | -9/Materials | Learned 4 Recycling zone layouts 2769 | -9/Materials | Loaded intel: 24 trap records 2788 | -9/Materials | Learned location of 1 exit from Storage 2818 | -9/Materials | Learned Storage stockpile data 2921 | -9/Materials | Discovered new exit (range 7) 3058 | -9/Materials | Central database locked down 3484 | -9/Materials | Entered another Materials area 3484 | -8/Materials | Evolved 2 slots: Propulsion x1, Utility x1 3784 | -8/Materials | Build established: Scavenger-Mutant 3885 | -8/Materials | Discovered new exit (range 10) 4640 | -8/Materials | Identified exit to Factory 4703 | -8/Materials | Learned Storage trap positions 4800 | -8/Materials | Learned Storage trap positions 4823 | -8/Materials | Learned Factory emergency access door positions 5114 | -8/Materials | Build established: Mutant 5939 | -8/Materials | Central database locked down 6052 | -8/Materials | Entered Factory 6052 | -7/Factory | Evolved 2 slots: Propulsion x1, Utility x1 6133 | -7/Factory | Sucked down chute 6133 | -7/Factory | Entered Waste 6138 | -7/Waste | Spotted C-40 Crusher 6154 | -7/Waste | Spotted C-40 Crusher 6200 | -7/Waste | Spotted C-40 Crusher 6210 | -7/Waste | Spotted C-40 Crusher 6210 | -7/Waste | Spotted C-40 Crusher 6239 | -7/Waste | Spotted C-40 Crusher 6259 | -7/Waste | Discovered new exit (range 12) 6264 | -7/Waste | Identified exit to Factory 6265 | -7/Waste | Entered Factory 6639 | -7/Factory | Build established: Hacker-Scout 7296 | -7/Factory | Destroyed 7 combat bots 7418 | -7/Factory | Discovered new exit (range 8) 7422 | -7/Factory | Identified exit to Lower Caves 7659 | -7/Factory | Fabricated Gravmag System? 8064 | -7/Factory | Discovered new exit (range 6) 8066 | -7/Factory | Identified exit to Storage 8509 | -7/Factory | Fabricated Cld. Airjet? 9298 | -7/Factory | Repaired Broken Hardcell Cannon 9465 | -7/Factory | First assault squad dispatched 9578 | -7/Factory | Fabricated Cld. Airjet? 9617 | -7/Factory | Discovered new exit (range 19) 9624 | -7/Factory | Identified exit to Factory 9835 | -7/Factory | Entered another Factory area 9835 | -6/Factory | Evolved 2 slots: Utility x2 9882 | -6/Factory | Repaired Cld. Airjet 10025 | -6/Factory | Discovered new exit (range 10) 10028 | -6/Factory | Identified exit to Lower Caves 10325 | -6/Factory | Learned location of 1 exit from Upper Caves 10331 | -6/Factory | Discovered new exit (range 9) 10335 | -6/Factory | Identified exit to Factory 10356 | -6/Factory | Learned location of Proximity Caves (-4) 10378 | -6/Factory | Learned location of Upper Caves (-5) 10392 | -6/Factory | Learned location of 2 exits from Upper Caves 10395 | -6/Factory | Learned location of 2 exits from Archives 10396 | -6/Factory | Loaded intel: 4 garrison access locations 10402 | -6/Factory | Loaded intel: 26 terminal locations 10418 | -6/Factory | Learned Hub_04(d) stockpile data 10442 | -6/Factory | Learned 2 Proximity Caves zone layouts 10652 | -6/Factory | Spotted B-75 Beast 10741 | -6/Factory | Fabricated Cld. Airjet? 11034 | -6/Factory | Hacking Suite fried by hacking feedback 11236 | -6/Factory | Discovered exit to Factory (range 15) 11489 | -6/Factory | Repaired Cld. Aerolev Unit 11585 | -6/Factory | Search patrols dispatched 11759 | -6/Factory | Entered another Factory area 11759 | -5/Factory | Evolved 2 slots: Utility x2 11806 | -5/Factory | Spotted B-75 Beast 11876 | -5/Factory | Fabricated Cld. Aerolev Unit? 12362 | -5/Factory | Discovered new exit (range 6) 12363 | -5/Factory | Identified exit to Extension 12393 | -5/Factory | Discovered new exit (range 8) 12395 | -5/Factory | Identified exit to Upper Caves 12504 | -5/Factory | Fabricated Cld. Aerolev Unit (x1) 12552 | -5/Factory | Fabricated Lgt. Antimatter Reactor? 13066 | -5/Factory | Fabricated Cld. Aerolev Unit? 13113 | -5/Factory | Discovered new exit (range 15) 13123 | -5/Factory | Identified exit to Factory 13241 | -5/Factory | Repaired Great Axe 13323 | -5/Factory | Repaired Cld. Aerolev Unit 13404 | -5/Factory | Repaired Cld. Aerolev Unit 13530 | -5/Factory | Discovered exit to Factory (range 20) 13695 | -5/Factory | Entered Extension 13975 | -5/Extension | Rescued a captive Derelict 13984 | -5/Extension | Rescued a captive Derelict 13984 | -5/Extension | Rescued a captive Derelict 14011 | -5/Extension | Rescued a captive Derelict 14012 | -5/Extension | Rescued a captive Derelict 14037 | -5/Extension | Rescued a captive Derelict 14555 | -5/Extension | Lost 6 allies 14620 | -5/Extension | Disrupted transfer network 14753 | -5/Extension | Spotted B-75 Beast 14783 | -5/Extension | Rescued A7 14807 | -5/Extension | Allies destroyed B-75 Beast 14822 | -5/Extension | Rescued a captive Derelict 14959 | -5/Extension | Rescued a captive Derelict 14962 | -5/Extension | Rescued a captive Derelict 14996 | -5/Extension | Rescued a captive Derelict 15012 | -5/Extension | Discovered exit to Factory (range 10) 15012 | -5/Extension | Discovered new exit (range 6) 15018 | -5/Extension | Identified exit to Cetus 15063 | -5/Extension | Entered Cetus 15063 | -5/Cetus | Accompanied by 9 allies (A7) 15066 | -5/Cetus | Spotted Cetus Guard 15066 | -5/Cetus | Spotted Cetus Guard 15068 | -5/Cetus | Acquired a Cetus Manufacturing Module code from A7 15072 | -5/Cetus | Spotted Cetus Guard 15072 | -5/Cetus | Spotted Cetus Guard 15081 | -5/Cetus | Allies destroyed Cetus Guard 15086 | -5/Cetus | Destroyed Cetus Guard 15096 | -5/Cetus | Allies destroyed Cetus Guard 15100 | -5/Cetus | Allies destroyed Cetus Guard 15120 | -5/Cetus | Started Cetus Manufacturing Module 15126 | -5/Cetus | Escorted A7 to Cetus Mainframe 15145 | -5/Cetus | Manufactured an Enhanced Grunt 15170 | -5/Cetus | Manufactured an Enhanced Grunt 15195 | -5/Cetus | Manufactured an Enhanced Grunt 15220 | -5/Cetus | Manufactured an Enhanced Grunt 15245 | -5/Cetus | Manufactured an Enhanced Grunt 15263 | -5/Cetus | Discovered new exit (range 21) 15288 | -5/Cetus | Spotted Cetus Guard 15288 | -5/Cetus | Spotted Cetus Guard 15288 | -5/Cetus | Spotted Cetus Guard 15289 | -5/Cetus | Spotted Cetus Guard 15302 | -5/Cetus | Destroyed Cetus Guard 15305 | -5/Cetus | Allies destroyed Cetus Guard 15312 | -5/Cetus | Allies destroyed Cetus Guard 15312 | -5/Cetus | Allies destroyed Cetus Guard 15316 | -5/Cetus | Discovered exit to Factory (range 21) 15321 | -5/Cetus | Met Revision 17 15333 | -5/Cetus | Identified exit to Archives 15380 | -5/Cetus | Entered Archives 15380 | -5/Archives | Accompanied by 13 allies (A7) 15381 | -5/Archives | Identified exit to Hub_04(d) 15385 | -5/Archives | Received a hacking code to weaken MAIN.C 15483 | -5/Archives | Build established: Commander-Scout 15490 | -5/Archives | Unable to access archive contents 15561 | -5/Archives | Entered Hub_04(d) 15561 | -5/Hub_04(d) | Accompanied by 10 allies 15628 | -5/Hub_04(d) | Network Hub disabled 15637 | -5/Hub_04(d) | Spotted Lightning 15648 | -5/Hub_04(d) | Spotted Lightning 15650 | -5/Hub_04(d) | Garrison activated, responded to threat 15651 | -5/Hub_04(d) | Spotted Lightning 15656 | -5/Hub_04(d) | Spotted Lightning 15657 | -5/Hub_04(d) | Spotted Lightning 15683 | -5/Hub_04(d) | Entered Factory 15683 | -4/Factory | Evolved 2 slots: Propulsion x1, Utility x1 15684 | -4/Factory | Lost 3 parts (1p1n1w) 15688 | -4/Factory | Lost 4 allies 15766 | -4/Factory | Repaired Cld. Aerolev Unit 15807 | -4/Factory | Repaired Cld. Aerolev Unit 15837 | -4/Factory | Repaired Antigrav System 15996 | -4/Factory | Build established: Hacker-Scout 16441 | -4/Factory | Discovered new exit (range 12) 16510 | -4/Factory | Discovered new exit (range 12) 16514 | -4/Factory | Identified exit to Upper Caves 16515 | -4/Factory | Entered Upper Caves 16516 | -4/Upper Caves | Identified exit to Upper Caves 16521 | -4/Upper Caves | Lost 4 parts (1p1n1u1w) 16565 | -4/Upper Caves | Encountered a Warlord checkpoint 16936 | -4/Upper Caves | Entered another Upper Caves area 16937 | -4/Upper Caves | Identified exit to Warlord 16937 | -4/Upper Caves | Identified exit to Research 16970 | -4/Upper Caves | Found DCF Scrap (13 items) 16983 | -4/Upper Caves | Encountered a Warlord checkpoint 17032 | -4/Upper Caves | Entered Warlord 17153 | -4/Warlord | Met Warlord 17170 | -4/Warlord | Build established: Hacker-Mutant 17178 | -4/Warlord | Warlord's base attacked by MAIN.C 17284 | -4/Warlord | Opened side exit 17308 | -4/Warlord | Spotted B-90 Cyclops 17528 | -4/Warlord | Warlord forces counterattacked 17565 | -4/Warlord | Spotted Executioner 17617 | -4/Warlord | Spotted Executioner 17647 | -4/Warlord | Lost 16 allies 17850 | -4/Warlord | Spotted Executioner 17853 | -4/Warlord | Warlord base infiltrated, sounded retreat 17918 | -4/Warlord | Lost 4 allies 17958 | -4/Warlord | System corruption reached 10% 17969 | -4/Warlord | Spotted Executioner 17969 | -4/Warlord | Spotted Striker 17971 | -4/Warlord | Spotted Executioner 18027 | -4/Warlord | Spotted Striker 18032 | -4/Warlord | Spotted B-86 Titan 18041 | -4/Warlord | Spotted B-90 Cyclops 18069 | -4/Warlord | Spotted Striker 18097 | -4/Warlord | Lost 7 allies 18116 | -4/Warlord | Spotted Striker 18152 | -4/Warlord | Spotted Striker 18199 | -4/Warlord | Lost 3 allies 18225 | -4/Warlord | Discovered new exit (range 15) 18241 | -4/Warlord | Spotted Executioner 18248 | -4/Warlord | Identified exit to Proximity Caves 18248 | -4/Warlord | Entered Proximity Caves 18271 | -3/Proximity Caves | Lost 6 allies 18351 | -3/Proximity Caves | Spotter reported a threat 18370 | -3/Proximity Caves | Spotted B-86 Titan 18377 | -3/Proximity Caves | Spotter reported a threat 18456 | -3/Proximity Caves | Discovered exit to Research (range 9) 18470 | -3/Proximity Caves | Entered Research 18470 | -3/Research | Evolved 2 slots: Power x1, Utility x1 18670 | -3/Research | Revision forces began assault on 0b10 18745 | -3/Research | Met up with Revision 17++ 18809 | -3/Research | Repaired Cld. Aerolev Unit 18890 | -3/Research | Repaired Cld. Aerolev Unit 18950 | -3/Research | Spotted B-86 Titan 18961 | -3/Research | Destroyed B-86 Titan 19001 | -3/Research | Repaired Hyp. Mass Driver 19170 | -3/Research | Research terminal network offline 19216 | -3/Research | Discovered new exit (range 7) 19218 | -3/Research | Identified exit to Testing 19239 | -3/Research | Entered Testing 19460 | -3/Testing | Found Prototype Processor 19460 | -3/Testing | Identified Exp. Terrain Scan Processor 19509 | -3/Testing | Found Prototype Device 19509 | -3/Testing | Identified Exp. Hardlight Generator 19729 | -3/Testing | Spotted Striker 20373 | -3/Testing | Scanned by Researcher 20477 | -3/Testing | Lost 5 parts (2p2n1w) 20739 | -3/Testing | Search patrols dispatched 20752 | -3/Testing | Build established: Scavenger-Mutant 20849 | -3/Testing | Crushed by falling debris 20850 | -3/Testing | System corruption reached 10% 20997 | -3/Testing | Core integrity fell below 50% 21014 | -3/Testing | Core integrity fell below 20% 21024 | -3/Testing | Destroyed by G-67 Veteran with Field Laser Last Messages --------------- 20991_ Slug penetrates Wall. 20995_ System corrupted: Heat flow error (+274). 20995_ Penetrated by Slug. 20995_ Com. HERF Cannon destroyed. 20995_ K-01 Serf collects debris. 20996_ Penetrated by Slug. 20997_ Wall collapses. 20997_ Dropped Med. Storage Unit. 20998_ Penetrated by Slug. 20998_ Swarm Drone destroyed. 20998_ Penetrated by Slug. 20998_ Imp. Hacking Suite destroyed. 20998_ Penetrated by Slug. 20998_ Slug penetrates Wall. 20999_ 0b10 Decoder Chip [Looter] destroyed. 21001_ Slug penetrates Wall. 21002_ K-01 Serf collects debris. 21014_ System corrupted: Matter fused (-6). 21022_ Drone sends a signal. [Achievement: I Think I Know What's Going On] Map ----- +----------------------------------------------------+ | #????????????????????????????# """ """ """ #???? | | #????????????????????????????# """ """ """ #???? | | #???????????????############## #???? | | #???????????????# """""" # """ """ """ #???? | | #???????????????# ""S""" # """ """ """ #???? | | #???????????????# """ #/ """ """ """ #???? | | #?????########### = # #???? | | #?????# # # ! = /#???? | | #?????# #] !######+#+############ | | #?????# # % ###### + # | | #?????# # """" """" + # """ "" # | | #?????# # """" """" # #^""" """# | | #?????# # """" """" + + """ T"# | | ??????# # """" """" ###### # """ """# | | ??????# # #????# # """ "" # | | ##############+########+######????# # """ " | | ########## # # | | # ""G"" # ########### | | # "" "" # #?????????? | | # + #?????????? | | ##############+###### # = ! # #?????????? | | ????????????# ## # = # #?????????? | | ????????????# """"## ########## ########### | | ????????????# """"## n % g % | | ?########???# """"## % | | ?#""""" #???# """"## @ | | ?#"""F""#???# ## w | | ##"""]""###?#= """"##### ##+##################### | | ]]] #?# """"#??##gg## ###??????????? | | #?# """"#??## ## # #??????????? | | #?# """"#?### ## ###??????????? | | #?# #?# # ## """" #????????????? | | #?# #?# #% ## """" #????????????? | | #?# #?# #u ## """" #????????????? | | #?#######??### ## """" #????????????? | | #????????????# ## ##???????????? | | #????????????# ## ##???????????? | | ! #????????????# ##########"#???????????? | | !! #????????????# ###???????# #??????????? | | ! #????????????#g ##?????????# #?????????? | | ###########????????????# g#???????????##?????????? | | ???????????????????????# #??????????????????????? | | ???????????????????????# #??????????????????????? | | ???????????????????????# #??????????????????????? | | ???????????????????????# #??????????????????????? | | ####??????????????????## #########??????????????? | | #??????????????????# # """#"#??????????????? | | #??????????????????# # " "##??????????????? | | #??????????????????# T + [#??????????????? | | "" #??????????????????# # " #??????????????? | +----------------------------------------------------+ Best States ------------- Heat Dissipation 46 Energy Generation 37 Energy Capacity 290 Matter Stores 300 Matter Capacity 300 Sight Range 22 Robot Scan Range 18 Terrain Scan Range 20 Terrain Scan Density 1010 ECM Strength 1 Cloak Strength 2 Armor Coverage 150 Resistance: EM 25 Phase Shifting 10 Evasion (%) 66 Targeting Accuracy 8 Target Analysis 8 Core Analysis 6 Recoil Reduction 3 Offensive Hacking 36 Defensive Hacking 22 Item Schematics ----------------- Plasma Cutter | -8/Materials | Hacked Airjet | -8/Materials | Hacked Gravmag System | -7/Factory | Scanalyzed Mass Driver | -7/Factory | Hacked Cld. Airjet | -7/Factory | Scanalyzed Weapon Cycler | -7/Factory | Extracted Lrg. Storage Unit | -7/Factory | Extracted Shock Absorption System | -7/Factory | Extracted Hcp. Matter Pod | -7/Factory | Extracted Corruption Screen | -7/Factory | Extracted Med. Treads | -7/Factory | Extracted Shield Generator | -7/Factory | Extracted Imp. Datajack | -7/Factory | Extracted Transmission Jammer | -7/Factory | Extracted Adv. Targeting Computer | -7/Factory | Extracted Lrg. Matter Pod | -7/Factory | Extracted Cmb. Airjet | -6/Factory | Hacked EM Shield | -6/Factory | Hacked Hvy. Gauss Cannon | -6/Factory | Hacked Cld. Aerolev Unit | -6/Factory | Scanalyzed Lgt. Antimatter Reactor | -5/Factory | Hacked Imp. Antigrav System | -5/Factory | Hacked Imp. Matter Compressor | -3/Testing | Archive Hvy. Antimatter Reactor | -3/Testing | Archive Exp. Melee Analysis Suite | -3/Testing | Archive Exp. Terrain Scan Processor | -3/Testing | Archive Mni. Smartbomb Launcher | -3/Testing | Archive Cld. Gravmag System | -3/Testing | Archive Hvy. Dispersion Rifle | -3/Testing | Archive Robot Schematics ------------------ K-01 Serf | -3/Testing | Archive Fabricated ------------ Gravmag System | x2 | -7/Factory Cld. Airjet | x1 | -7/Factory Cld. Airjet | x1 | -7/Factory Cld. Airjet | x1 | -6/Factory Cld. Aerolev Unit | x1 | -5/Factory Cld. Aerolev Unit | x1 | -5/Factory Lgt. Antimatter Reactor | x2 | -5/Factory Cld. Aerolev Unit | x1 | -5/Factory Repaired ---------- Hardcell Cannon | 18% | -7/Factory | Broken Cld. Airjet | 62% | -6/Factory Cld. Aerolev Unit | 67% | -6/Factory Great Axe | 49% | -5/Factory Cld. Aerolev Unit | 45% | -5/Factory Cld. Aerolev Unit | 46% | -5/Factory Cld. Aerolev Unit | 17% | -4/Factory Cld. Aerolev Unit | 27% | -4/Factory Antigrav System | 18% | -4/Factory Cld. Aerolev Unit | 11% | -3/Research Cld. Aerolev Unit | 14% | -3/Research Hyp. Mass Driver | 16% | -3/Research Alien Tech Used ----------------- None Achievements -------------- Decoder Ring I Think I Know What's Going On Revolutionary Research Challenges ------------ None Game ------ Seed SpreadMultireflexFocus Manual? 0 Play Time 05:05:44 Cumulative 114.1 hours Start 2025.07.12 @ 22:00:25 End 2025.07.13 @ 14:47:11 Sessions 9 Manual Loads 0 Difficulty Rogue Special Mode None Game No. 90 Rogue 90 Adventurer 0 Explorer 0 Win Type - Total 2 Types 2/0/0/0/0/0/0/0/0/0 Lore% 50 Gallery% 44 Achievement% 47 Wizard Run 0 Options --------- Layout 2 ASCII 0 Keyboard 1 Movement Numpad Keybinds 0 Fullscreen 2 Font 32/SmallcapsGlow Map View 50x44 Zoom Use 0% Tactical HUD 1 Map Filters NONE Filters NONE Steam 1 RUN: 2561a318-742e-4dbe-b3ee-a7c8da4cd209